 Dungeon Crawl Stone Soup version 0.26.1-2-gb8aa6d0cf2 (webtiles) character file.

Game seed: 14389740478360396292

3734 dohliylev the Cleaver (level 9, -4/82 HPs)
             Began as a Minotaur Berserker on Mar 27, 2021.
             Was a High Priest of Trog.
             Slain by a yak (5 damage)
             ... while petrified by a basilisk
             ... on level 8 of the Dungeon.
             The game lasted 00:10:05 (7445 turns).

dohliylev the Cleaver (Minotaur Berserker)          Turns: 7445, Time: 00:10:07

Health: -4/82      AC: 11    Str: 25      XL:     9   Next: 92%
Magic:  8/8        EV:  2    Int:  4      God:    Trog [*****.]
Gold:   412        SH:  0    Dex:  9 (10) Spells: 8/8 levels left

rFire    . . .     SeeInvis .   a - +0 hand axe
rCold    . . .     Faith    +   D - +0 buckler
rNeg     + + +     Spirit   .   e - +0 chain mail
rPois    ∞         Reflect  .   (helmet restricted)
rElec    .         Harm     .   (no cloak)
rCorr    .         Rampage  .   (no gloves)
Will     .....                  (no boots)
Stlth    ..........             g - amulet of faith
HPRegen  0.23/turn              j - ring of attention (curse)
MPRegen  0.11/turn              (no ring)

@: petrified, berserk cooldown, slowed
A: retaliatory headbutt, horns 2
a: Renounce Religion, Berserk, Trog's Hand, Brothers in Arms


You were on level 8 of the Dungeon.
You worshipped Trog.
Trog was extremely pleased with you.
You visited 1 branch of the dungeon, and saw 8 of its levels.

You collected 412 gold pieces.

Inventory:

Hand Weapons
 a - a +0 hand axe (weapon)
 B - a +2 hand axe of freezing
Armour
 e - a +0 chain mail (worn)
 D - a +0 buckler (worn)
Jewellery
 g - an amulet of faith (around neck)
 j - a cursed ring of attention (left hand)
Wands
 b - a wand of enslavement (7)
 A - a wand of random effects (24)
 C - a wand of paralysis (7)
Scrolls
 c - a scroll of enchant weapon {unknown}
 f - 2 scrolls of fog {unknown}
 h - a scroll of immolation {unknown}
 l - a scroll of amnesia {unknown}
 m - 7 scrolls of identify {unknown}
 n - a scroll of blinking {unknown}
 p - 9 scrolls of teleportation {unknown}
 s - 5 scrolls of remove curse {unknown}
 v - a scroll of magic mapping {unknown}
 y - a scroll of enchant armour {unknown}
Potions
 d - 4 potions of attraction {unknown}
 i - a potion of haste {unknown}
 k - 3 potions of heal wounds {unknown}
 o - a potion of curing {unknown}
 q - 2 potions of resistance {unknown}
 r - a potion of might {unknown}
 t - a potion of mutation {unknown}
 u - a potion of cancellation {unknown}
 w - 2 potions of flight {unknown}
 x - a potion of degeneration {unknown}
 z - 2 potions of berserk rage {unknown}


   Skills:
 + Level 8.5 Fighting
 + Level 11.7 Axes
 + Level 9.6 Armour
 + Level 4.3 Dodging


You had 8 spell levels left.
You didn't know any spells.
Your spell library was empty.

Dungeon Overview and Level Annotations

Branches:
Dungeon (8/15)             Temple (0/1) D:5            Lair (0/6) D:8

Altars:
Dithmenos
Elyvilon
Fedhas
Trog
Vehumet
Xom
Zin

Shops:
D:4 *(   D:5 (!!


Innate Abilities, Weirdness & Mutations

You reflexively headbutt those who attack you in melee.
You have a pair of horns on your head.


Message History

The wyvern bites you but does no damage.
The adder bites you.
The quasit bites you but does no damage.
The quasit claws you but does no damage.
The quasit claws you.
You feel clumsy. The wyvern bites you!
* * * LOW HITPOINT WARNING * * *
The adder bites you but does no damage.
The quasit bites you but does no damage.
The quasit claws you but does no damage. x2
The yak gores you but does no damage.
The wyvern bites you but does no damage.
The adder bites you.
* * * LOW HITPOINT WARNING * * *
The quasit bites you but does no damage.
The quasit barely misses you.
The quasit claws you but does no damage.
The yak gores you!
You die...

#...#....☼§§..$
#.).#....§.☼.$.$.
#...###.#####...#
+...+...# #°°○#
#...###.# #§§°#
#.......# #§○§#
###....########.^.#####.
#......###....5.........
#....#...'...FY@####....
#....#.###...ZlS##......
#....#...+.....l#lFP....
#....#####.....l..5.....
#....#####.......Z....>.
#..............#........
#..............##.......
#............... #......
#.........#+##. ##....


You could see a yak, 2 basilisks, a wyvern, a bullfrog, a quasit, an adder and a
howler monkey skeleton.

Vanquished Creatures
  A two-headed ogre (D:8)
  Pikel (D:8)
  A hornet (D:8)
  Duvessa (D:6)
  5 sky beasts
  An orc warrior (D:7)
  An ice beast (D:8)
  2 ogres
  3 lemures (D:8)
  4 bullfrogs
  Dowan (D:6)
  2 scorpions
  A wight (D:8)
  3 howler monkeys (D:8)
  A centaur zombie (D:5)
  A bullfrog zombie (D:6)
  2 hounds
  3 orc priests
  2 bullfrog skeletons
  A gnoll shaman (D:7)
  A jelly (D:6)
  2 worker ants
  Ijyb (D:4)
  6 orc wizards
  A hound zombie (D:8)
  Robin (D:4)
  4 gnolls (D:7)
  A howler monkey skeleton (D:5)
  11 adders
  A shadow imp (D:8)
  A white imp (D:5)
  3 ufetubi
  3 oozes (D:2)
  An adder skeleton (D:4)
  A worm (D:2)
  4 leopard geckos
  18 orcs
  4 ball pythons
  3 giant cockroaches
  21 goblins
  10 hobgoblins
  16 jackals
  4 quokkas
  6 bats
  9 frilled lizards
  3 kobolds
  A quokka skeleton (D:8)
  4 rats
178 creatures vanquished.

Vanquished Creatures (others)
  A sky beast (D:6)
  A shadow imp (D:6)
  An ufetubus (D:6)
  2 plants (D:8)
5 creatures vanquished.

Grand Total: 183 creatures vanquished

Notes
Turn   | Place    | Note
-------+----------+-------------------------------------------
     0 | D:1      | dohliylev the Minotaur Berserker began the quest for the
                  | Orb.
     0 | D:1      | Reached XP level 1. HP: 19/19 MP: 0/0
   112 | D:1      | Reached skill level 4 in Axes
   120 | D:1      | Reached XP level 2. HP: 27/27 MP: 1/1
   743 | D:1      | Reached XP level 3. HP: 32/33 MP: 2/2
   818 | D:1      | Reached ** piety under Trog
   895 | D:2      | Found a radiant altar of Vehumet.
  1121 | D:2      | Reached XP level 4. HP: 41/41 MP: 3/3
  1390 | D:2      | Reached skill level 5 in Axes
  1701 | D:3      | Reached XP level 5. HP: 42/47 MP: 4/4
  1936 | D:3      | Found a faded altar of an unknown god.
  2077 | D:3      | Found a shadowy altar of Dithmenos.
  2098 | D:3      | Reached *** piety under Trog
  2329 | D:4      | HP: 2/47 [orc wizard/magic dart (3)]
  2331 | D:4      | Reached skill level 6 in Axes
  2640 | D:4      | Found Widereup's Lightly-Used Armoury.
  2741 | D:4      | Noticed Ijyb
  2771 | D:4      | Killed Ijyb
  2772 | D:4      | Reached XP level 6. HP: 45/55 MP: 5/5
  2945 | D:4      | Reached skill level 5 in Fighting
  3084 | D:4      | Noticed Robin
  3100 | D:4      | Killed Robin
  3233 | D:4      | Found Uptap's Weapon Emporium.
  3468 | D:5      | Entered Level 5 of the Dungeon
  3473 | D:5      | Found Zeeqaudy's Distillery.
  3503 | D:5      | Found Voleqo's Distillery.
  3631 | D:5      | Found Oro Kode's Weapon Boutique.
  3695 | D:5      | Found a blossoming altar of Fedhas.
  3726 | D:5      | Reached skill level 7 in Axes
  3893 | D:5      | Found a staircase to the Ecumenical Temple.
  3962 | D:5      | Found a white marble altar of Elyvilon.
  4175 | D:6      | Found a shimmering altar of Xom.
  4176 | D:6      | Noticed an angel
  4177 | D:6      | Found a glowing silver altar of Zin.
  4187 | D:6      | Reached XP level 7. HP: 56/61 MP: 6/6
  4188 | D:6      | Reached **** piety under Trog
  4246 | D:6      | Noticed Duvessa
  4246 | D:6      | Noticed Dowan
  4258 | D:6      | Killed Duvessa
  4259 | D:6      | Reached skill level 5 in Armour
  4499 | D:6      | Reached skill level 8 in Axes
  4904 | D:6      | Killed Dowan
  5006 | D:6      | Found a glowing silver altar of Zin.
  5416 | D:7      | Reached XP level 8. HP: 60/70 MP: 7/7
  5603 | D:7      | Reached skill level 9 in Axes
  5930 | D:7      | Found a bloodstained altar of Trog.
  6436 | D:8      | Reached skill level 10 in Axes
  6638 | D:8      | Noticed a two-headed ogre
  6648 | D:8      | Killed a two-headed ogre
  6649 | D:8      | Reached XP level 9. HP: 49/81 MP: 8/8
  6674 | D:8      | Reached ***** piety under Trog
  6819 | D:8      | Reached skill level 11 in Axes
  6823 | D:8      | Noticed an ogre mage
  7182 | D:8      | Noticed Pikel
  7191 | D:8      | Paralysed by a hornet for 1 turns
  7201 | D:8      | Killed Pikel
  7423 | D:8      | Found a staircase to the Lair.
  7444 | D:8      | HP: 2/82 [wyvern (7)]
  7445 | D:8      | Slain by a yak

Illustrated notes

Levels and vault maps discovered:
D:1:      psy_arrival_basics, layout_loops_ring, serial_bayou_pond_d,
          minmay_heptomino_w4
D:2:      layout_loops_cross, lemuel_round_altar, minmay_misc_feat_alley
D:3:      layout_basic, grunt_dithmenos_smoke_and_mirrors,
          chequers_ecumenical_altar_twisty, grunt_ministairs_7,
          minmay_crystal_room
D:4:      layout_rooms, serial_shops, kennysheep_mini_moat, minmay_shop_damaged,
          uniq_robin, uniq_ijyb
D:5:      layout_basic, nicolae_overflow_crystal_walls,
          minmay_temple_entry_nine_rooms, serial_shops, shop, shop,
          nicolae_shop_stone, fedhas_altar_1
D:6:      layout_basic, grunt_temple_overflow_order_and_chaos_1, basic_altar,
          uniq_duvessa
D:7:      layout_gridville, general_overflow_altar
D:8:      wad_statue_garden, layout_basic, david_lair_generic,
          lemuel_flame_loot_1, uniq_pikel

Skill      XL: |  1  2  3  4  5  6  7  8  9 |
---------------+----------------------------+-----
Fighting       | 4 5 6 7 8 |  8.5
Axes           | 4 5 6 7 8 10 11 | 11.7
Armour         | 3 4 6 8 9 |  9.6
Dodging        | 3 4 |  4.3

Action                   |  1- 3 |  4- 6 |  7- 9 || total
-------------------------+-------+-------+-------++-------
Melee: Hand axe          |    83 |   186 |   241 ||   510
       Headbutt          |    14 |    31 |    44 ||    89
Invok: Berserk           |     1 |     1 |    10 ||    12
       Trog's Hand       |       |     2 |     3 ||     5
Armor: Chain mail        |    68 |    94 |   162 ||   324
       Animal skin       |     1 |       |       ||     1
Dodge: Dodged            |    55 |    95 |   109 ||   259
